 Dungeon Crawl Stone Soup version 0.27.1-1-g398f81649c (webtiles) character file.

Game seed: 2574240442451265779

18977 pkoi the Grappler (level 12, 0/122 HPs)
             Began as a Troll Monk on Sept 9, 2021.
             Was a High Priest of Trog.
             Slain by a six-headed hydra (7 damage)
             ... on level 11 of the Dungeon.
             The game lasted 00:11:22 (9145 turns).

pkoi the Grappler (Troll Monk)                      Turns: 9145, Time: 00:11:22

Health: 0/122      AC:  7    Str: 26    XL:     12   Next: 32%
Magic:  20/20      EV: 16    Int:  6    God:    Trog [*****.]
Gold:   608        SH:  0    Dex: 12    Spells: 11/11 levels left

rFire    . . .     SeeInvis .     - Unarmed
rCold    . . .     Faith    .   (no shield)
rNeg     . . .     Spirit   .   D - +0 troll leather armour
rPois    .         Reflect  .   (helmet restricted)
rElec    .         Harm     .   z - +0 cloak
rCorr    .         Rampage  .   (gloves unavailable)
Will     .....                  (boots unavailable)
Stlth    +.........             s - amulet of magic regeneration
HPRegen  2.30/turn              A - +4 ring of evasion
MPRegen  0.42/turn              J - ring of magical power

@: about to teleport, on berserk cooldown, slowed, very slow
A: large, unfitting armour, claws 3, regeneration 1, shaggy fur 1, tough skin 1
a: Renounce Religion, Berserk, Trog's Hand, Brothers in Arms


You were on level 11 of the Dungeon.
You worshipped Trog.
Trog was extremely pleased with you.
You visited 1 branch of the dungeon, and saw 11 of its levels.

You collected 608 gold pieces.

Inventory:

Missiles
 G - 9 large rocks (quivered)
Armour
 a - a +0 robe
 o - a +0 kite shield
 z - a +0 cloak (worn)
 D - a +0 troll leather armour (worn)
Jewellery
 s - an amulet of magic regeneration (around neck)
 A - a +4 ring of evasion (left claw)
 F - a ring of ice
 H - a +6 ring of intelligence
 J - a ring of magical power (right claw)
Wands
 h - a wand of iceblast (4)
 m - a wand of polymorph (20)
Scrolls
 c - a scroll of fear {unknown}
 e - 6 scrolls of identify
 f - 3 scrolls of noise {unknown}
 i - 2 scrolls of immolation {unknown}
 l - 9 scrolls of teleportation
 p - 3 scrolls of torment {unknown}
 q - 2 scrolls of amnesia {unknown}
 r - a scroll of enchant armour {unknown}
 t - a scroll of vulnerability {unknown}
 x - a scroll of acquirement {unknown}
 y - a scroll of fog {unknown}
 E - a scroll of enchant weapon {unknown}
 I - 2 scrolls of brand weapon {unknown}
 K - a scroll of holy word {unknown}
Potions
 b - 2 potions of heal wounds {unknown}
 d - a potion of might {unknown}
 g - 2 potions of cancellation {unknown}
 j - 3 potions of haste {unknown}
 k - 7 potions of curing {unknown}
 n - a potion of invisibility {unknown}
 u - 2 potions of berserk rage
 v - a potion of attraction {unknown}
 w - a potion of brilliance {unknown}
 B - a potion of lignification {unknown}
 C - a potion of flight {unknown}
 L - a potion of magic {unknown}


   Skills:
 + Level 8.6 Fighting
 + Level 8.6 Dodging
 - Level 1.0 Stealth
 + Level 14.9 Unarmed Combat


You had 11 spell levels left.
You didn't know any spells.
Your spell library contained the following spells:

 Spells                   Type           Power      Damage    Failure   Level
 Inner Flame              Hex/Fire       0%         N/A       86%         3
 Stone Arrow              Conj/Erth      0%         3d7       86%         3
 Cause Fear               Hex            0%         N/A       99%         4
 Bolt of Magma            Conj/Fire/Erth 0%         4d4       100%        5
 Discord                  Hex            0%         N/A       100%        8
 Shatter                  Erth           0%         3d5*      100%        9


Dungeon Overview and Level Annotations

Branches:
Dungeon (11/15)            Temple (0/1) D:7            Lair (0/6) D:8
    Orc (0/2) D:9

Altars:
Dithmenos
Hepliaklqana
Qazlal
Ru
Sif Muna
Trog
Vehumet
Zin
The Shining One

Annotations:
D:4 2 transporters, cahman's ghost, weakling HOMo


Innate Abilities, Weirdness & Mutations

You are too large for most types of armour.
You have claws for hands.
Your natural rate of healing is unusually fast.
You are covered in fur. (AC +1)
You have tough skin. (AC +1)


Message History

You scratch the cyclops.
The cyclops is moderately wounded.
The cyclops barely misses you.
You mangle the cyclops!!
The cyclops is severely wounded.
You hear a roar!
The cyclops hits you.
* * * LOW HITPOINT WARNING * * *
You mangle the cyclops!!
You kill the cyclops!
Trog accepts your kill. The six-headed hydra bites you!
* * * LOW HITPOINT WARNING * * *
The six-headed hydra bites you.
* * * LOW HITPOINT WARNING * * *
The six-headed hydra misses you. The six-headed hydra bites you!
* * * LOW HITPOINT WARNING * * *
The six-headed hydra bites you!
* * * LOW HITPOINT WARNING * * *
The six-headed hydra bites you.
* * * LOW HITPOINT WARNING * * *
Items here: $ ) / ? [.
As you read the scroll labelled HUGIFEXEON, it crumbles to dust.
It is a scroll of identify.
l - 10 scrolls of teleportation A five-headed hydra comes into view.
The six-headed hydra bites you!
* * * LOW HITPOINT WARNING * * *
The six-headed hydra closely misses you.
The six-headed hydra barely misses you.
The six-headed hydra completely misses you.
The six-headed hydra bites you.
* * * LOW HITPOINT WARNING * * *
The six-headed hydra barely misses you.
As you read the scroll of teleportation, it crumbles to dust.
You feel strangely unstable. The six-headed hydra bites you!
* * * LOW HITPOINT WARNING * * *
The six-headed hydra bites you but does no damage.
The six-headed hydra bites you!
You die...

#...##..# #..# #..# #°°# #...
#...##..# #(.###..# #..# #...
####...##..# #.......# #..#
#... .......##..# #.......#
#..###...
.......##..###..(....#
#........
####..)##......#####.#
#........ # #(..##......# #.#
#........ #
#.(.##......#####.####.####...
#
#...##.....DD@)...............
#
#...##..###(##################
# #.......#..)..#
####.......#.##..#
...........## .#....
...........# Q# .##.#
#####......#.[ .# # #......#(
.. #......## .J


You could see a six-headed hydra and a five-headed hydra.

Vanquished Creatures
  A death knight (D:11)
  3 hydras
  6 two-headed ogres
  A centaur warrior (D:9)
  A death yak (D:8)
  5 cyclopes
  A gargoyle (D:11)
  A tengu conjurer (D:11)
  A troll (D:9)
  A slime creature (D:11)
  2 shadows
  3 wyverns
  11 yaks
  Menkaure (D:7)
  2 water moccasins
  Duvessa (D:7)
  12 orc warriors
  5 black bears
  A sky beast (D:6)
  An ogre (D:5)
  A boggart (D:11)
  2 centaurs (D:10)
  A phantom (D:6)
  3 kobold brigands
  2 bullfrogs (D:6)
  Blork the orc (D:5)
  A gnoll sergeant (D:8)
  A scorpion (D:5)
  A water moccasin zombie (D:6)
  Dowan (D:7)
  16 killer bees
  15 wights
  A howler monkey (D:6)
  2 electric eels (D:9)
  4 centaur zombies
  A bullfrog zombie (D:5)
  11 orc priests
  2 bullfrog skeletons
  2 hounds (D:5)
  A gnoll shaman (D:9)
  A scorpion zombie (D:5)
  3 iguanas
  9 orc wizards
  A killer bee zombie (D:7)
  A hound skeleton (D:5)
  4 gnolls (D:8)
  9 adders
  A shadow imp (D:7)
  A white imp (D:5)
  An adder zombie (D:5)
  2 worms
  3 dart slugs
  47 orcs
  4 ball pythons
  6 bats
  6 endoplasms
  2 giant cockroaches
  8 goblins
  3 hobgoblins
  8 jackals
  8 kobolds
  4 quokkas
  3 frilled lizards
  4 rats
268 creatures vanquished.

Vanquished Creatures (others)
  An orc wizard (D:9)
1 creature vanquished.

Grand Total: 269 creatures vanquished

Notes
Turn   | Place    | Note
-------+----------+-------------------------------------------
     0 | D:1      | pkoi the Troll Monk began the quest for the Orb.
     0 | D:1      | Reached XP level 1. HP: 22/22 MP: 0/0
   177 | D:1      | Reached XP level 2. HP: 29/29 MP: 1/1
   260 | D:1      | Found a faded altar of an unknown god.
   330 | D:1      | Reached skill level 4 in Unarmed Combat
   615 | D:2      | Reached XP level 3. HP: 25/36 MP: 2/2
   985 | D:2      | Reached XP level 4. HP: 44/44 MP: 3/3
   996 | D:2      | Reached skill level 5 in Unarmed Combat
  1018 | D:2      | Found a bloodstained altar of Trog.
  1035 | D:2      | Became a worshipper of Trog the Wrathful
  1035 | D:2      | Reached * piety under Trog
  1035 | D:2      | Reached ** piety under Trog
  1377 | D:3      | Reached XP level 5. HP: 34/50 MP: 4/4
  1494 | D:3      | Found a glowing silver altar of Zin.
  1601 | D:3      | Found a hazy altar of Hepliaklqana.
  1602 | D:3      | Found a faded altar of an unknown god.
  1636 | D:3      | Reached skill level 6 in Unarmed Combat
  1922 | D:4      | Found a transporter.
  2077 | D:4      | Found a glowing golden altar of the Shining One.
  2219 | D:4      | Reached XP level 6. HP: 59/59 MP: 5/5
  2281 | D:4      | Reached skill level 7 in Unarmed Combat
  2286 | D:4      | Reached *** piety under Trog
  2366 | D:4      | Found a transporter.
  2590 | D:4      | Noticed cahman's ghost (weakling HOMo)
  2901 | D:5      | Entered Level 5 of the Dungeon
  3179 | D:5      | Noticed Blork the orc
  3189 | D:5      | Killed Blork the orc
  3190 | D:5      | Reached skill level 8 in Unarmed Combat
  3190 | D:5      | Reached XP level 7. HP: 27/66 MP: 6/6
  3809 | D:6      | Reached skill level 9 in Unarmed Combat
  3909 | D:6      | Reached XP level 8. HP: 66/74 MP: 7/7
  4017 | D:6      | Reached skill level 10 in Unarmed Combat
  4239 | D:6      | Reached **** piety under Trog
  4242 | D:6      | Reached skill level 11 in Unarmed Combat
  4558 | D:6      | Reached XP level 9. HP: 71/80 MP: 8/8
  4730 | D:7      | Reached skill level 12 in Unarmed Combat
  4837 | D:7      | Found a staircase to the Ecumenical Temple.
  4912 | D:7      | Noticed Menkaure
  4919 | D:7      | Killed Menkaure
  5108 | D:7      | Noticed Duvessa
  5108 | D:7      | Noticed Dowan
  5115 | D:7      | Killed Dowan
  5121 | D:7      | Killed Duvessa
  5379 | D:7      | Found a sacrificial altar of Ru.
  5458 | D:7      | Found a shimmering blue altar of Sif Muna.
  5497 | D:8      | Noticed a death yak
  5498 | D:8      | Found a staircase to the Lair.
  5531 | D:8      | Killed a death yak
  5879 | D:8      | Reached XP level 10. HP: 62/94 MP: 9/9
  6222 | D:8      | Reached skill level 13 in Unarmed Combat
  6289 | D:8      | Reached skill level 5 in Dodging
  6296 | D:8      | Reached skill level 5 in Fighting
  6769 | D:9      | Noticed a cyclops
  6790 | D:9      | Killed a cyclops
  7037 | D:9      | Found a staircase to the Orcish Mines.
  7155 | D:9      | Noticed a centaur warrior
  7168 | D:9      | Killed a centaur warrior
  7173 | D:9      | Reached XP level 11. HP: 79/105 MP: 10/10
  7312 | D:9      | Found a shadowy altar of Dithmenos.
  7312 | D:9      | Found a stormy altar of Qazlal.
  7439 | D:9      | Noticed a six-headed hydra
  7439 | D:9      | Noticed a two-headed ogre
  7454 | D:9      | Killed a 13-headed hydra
  7458 | D:9      | Killed a two-headed ogre
  7500 | D:9      | Identified the +10 hunting sling "Newk" {freeze, Str+2}
  7551 | D:9      | Reached ***** piety under Trog
  7558 | D:9      | Noticed a two-headed ogre
  7575 | D:9      | Killed a two-headed ogre
  7576 | D:9      | Reached skill level 14 in Unarmed Combat
  7711 | D:10     | Entered Level 10 of the Dungeon
  7711 | D:10     | Noticed a two-headed ogre
  7720 | D:9      | Killed a two-headed ogre
  8116 | D:10     | Found a radiant altar of Vehumet.
  8262 | D:10     | Received a gift from Trog
  8664 | D:11     | Noticed a two-headed ogre
  8670 | D:11     | Killed a two-headed ogre
  8741 | D:11     | Noticed a four-headed hydra
  8753 | D:11     | Killed an eight-headed hydra
  8908 | D:11     | Noticed a two-headed ogre
  8919 | D:11     | Killed a two-headed ogre
  9004 | D:11     | Reached XP level 12. HP: 119/119 MP: 11/11
  9038 | D:11     | Noticed a two-headed ogre
  9043 | D:11     | Noticed an eight-headed hydra
  9045 | D:11     | Killed a two-headed ogre
  9057 | D:11     | Killed a 13-headed hydra
  9066 | D:11     | HP: 9/183 [slime creature (17)]
  9118 | D:11     | Noticed a death knight
  9133 | D:11     | Killed a death knight
  9138 | D:11     | Noticed a six-headed hydra
  9144 | D:11     | Noticed a five-headed hydra
  9145 | D:11     | Slain by a six-headed hydra

Illustrated notes

Levels and vault maps discovered:
D:1:      dpeg_arrival_radiant, layout_loops_ring,
          hellmonk_ecumenical_altar_heavens_door
D:2:      wander_river, layout_basic, basic_altar
D:3:      layout_rooms, beargit_hepliaklqana_dungeon_heroes,
          mainiacjoe_overflow_six_doors_small
D:4:      layout_layer_cave, lemuel_round_altar, gammafunk_ghost_smash
D:5:      layout_cave_pods, uniq_blork_the_orc
D:6:      black_bear_nest_1, layout_loops_ring
D:7:      layout_loops_cross, mainiacjoe_overflow_swirl,
          minmay_temple_entry_crystal_x, uniq_duvessa, uniq_menkaure
D:8:      layout_loops_cross, david_lair_generic
D:9:      minmay_octagon_keep, layout_basic, gammafunk_temple_overflow_pools,
          erik_orc_2, kennysheep_nondescript
D:10:     layout_loops_cross, mainiacjoe_overflow_paths
D:11:     minmay_the_grid_square_5x5_5x5_mashed
          [minmay_the_grid_square_5x5_inverted_slash,
          minmay_the_grid_square_5x5_bite,
          minmay_the_grid_square_5x5_three_small,
          minmay_the_grid_square_5x5_shrine2,
          minmay_the_grid_square_5x5_eight_small,
          minmay_the_grid_square_5x5_lines,
          minmay_the_grid_square_5x5_prize_junk,
          minmay_the_grid_square_5x5_seven,
          minmay_the_grid_square_5x5_prize_waves,
          minmay_the_grid_square_5x5_pentomino_r,
          minmay_the_grid_square_5x5_fancy_junction,
          minmay_the_grid_square_5x5_longway,
          minmay_the_grid_square_5x5_prize_open,
          minmay_the_grid_square_5x5_detours,
          minmay_the_grid_square_5x5_inner_v, minmay_the_grid_square_5x5_c,
          minmay_the_grid_square_5x5_prize_snowflake,
          minmay_the_grid_square_5x5_shuriken,
          minmay_the_grid_square_5x5_prize_open, minmay_the_grid_square_5x5_two,
          minmay_the_grid_square_5x5_fat_x, minmay_the_grid_square_5x5_shrine1,
          minmay_the_grid_square_5x5_percent, minmay_the_grid_square_5x5_plus,
          minmay_the_grid_square_5x5_minivault], layout_long_grid,
          lemuel_nasty_fountain

Skill      XL: |  1  2  3  4  5  6  7  8  9 10 11 |
---------------+----------------------------------+-----
Unarmed Combat | 4 5 6 8 9 11 12 13 14 | 14.9
Fighting       | 4 6 8 |  8.6
Dodging        | 4 6 8 |  8.6
Stealth        | |  1.0

Action                   |  1- 3 |  4- 6 |  7- 9 | 10-12 || total
-------------------------+-------+-------+-------+-------++-------
Melee: Unarmed           |    87 |   156 |   243 |   358 ||   844
       Punch             |     2 |     5 |    11 |    25 ||    43
Invok: Berserk           |       |       |     5 |     7 ||    12
  Use: Scroll            |       |       |       |     2 ||     2
 Stab: Sleeping          |     4 |     6 |     2 |       ||    12
       Distracted        |       |       |     1 |       ||     1
Armor: Robe              |    37 |    42 |    52 |     6 ||   137
       Troll leather arm |       |       |       |    65 ||    65
Dodge: Dodged            |    43 |    70 |    79 |   236 ||   428
